 Dungeon Crawl Stone Soup version 0.28-a0-1510-gd0f6b136d3 (webtiles) character file.

Game seed: 13163123894174594341

12985 siradein the Thaumaturge (level 12, -4/85 HPs)
             Began as a Djinni Fire Elementalist on Jan 14, 2022.
             Was a Priest of Makhleb.
             Slain by a boulder beetle (37 damage)
             ... on level 11 of the Dungeon.
             The game lasted 00:51:09 (12530 turns).

siradein the Thaumaturge (DjFE)                    Turns: 12530, Time: 00:51:10

Health: -4/85      AC: 10    Str:  7    XL:     12   Next: 27%
Gold:   380        EV: 17    Int: 23    God:    Makhleb [***...] SH:  0 Dex: 15

rFire   + + .      SeeInvis +   J - +4 halberd
rCold   x . .      Faith    .   (shield currently unavailable)
rNeg    . . .      Spirit   .   c - +1 troll leather armour {Snorg}
rPois   ∞          Reflect  .   (no helmet)
rElec   .          Harm     .   I - +0 cloak of Masuihol {Int+2 Stlth+}
rCorr   .          Rampage  .   (no gloves)
Will    +....                   (boots unavailable)
Stlth   +++.......              x - amulet of regeneration
HPRegen 1.84/turn               j - +4 ring of protection
MPRegen 0.00/turn               n - ring of see invisible

@: flying
A: sickness immunity, fire resistance 2, cold vulnerability 1, float, innate
caster, hp casting, extra vitality 1
a: Renounce Religion, Minor Destruction, Lesser Servant of Makhleb


You were on level 11 of the Dungeon.
You worshipped Makhleb.
Makhleb was most pleased with you.
You visited 2 branches of the dungeon, and saw 12 of its levels.
You also visited: Sewer.

You collected 703 gold pieces.
You spent 323 gold pieces at shops.

Inventory:

Hand Weapons
 J - a +4 halberd (weapon)
Armour
 c - a +1 troll leather armour (worn) {Snorg}
 I - the +0 cloak of Masuihol (worn) {Int+2 Stlth+}
   (You bought it in a shop on level 7 of the Dungeon)

   Int:       It affects your intelligence (+2).
   Stlth:     It makes you more stealthy.
Magical Staves
 F - a staff of air
Jewellery
 j - a +4 ring of protection (left hand)
 n - a ring of see invisible (right hand)
 x - an amulet of regeneration (around neck)
 E - a +4 ring of protection
 P - the ring of Peublig {rC+ Will- MP+9 Int+3 Dex+3}
   (You found it on level 9 of the Dungeon)

   [ring of magical power]

   Int:       It affects your intelligence (+3).
   Dex:       It affects your dexterity (+3).
   rC:        It protects you from cold.
   MP:        It affects your magic capacity (+9).
   Will:      It decreases your willpower.
Wands
 a - a wand of acid (14)
 u - a wand of paralysis (11)
 Q - a wand of digging (4)
Scrolls
 d - 3 scrolls of magic mapping
 f - 5 scrolls of enchant weapon
 l - 6 scrolls of fear
 t - 5 scrolls of teleportation
 y - 2 scrolls of enchant armour {unknown}
 D - 2 scrolls of fog {unknown}
 H - 2 scrolls of immolation {unknown}
 M - 3 scrolls of summoning {unknown}
Potions
 b - a potion of berserk rage
 e - 3 potions of brilliance {unknown}
 g - 6 potions of degeneration
 k - 6 potions of curing
 p - 2 potions of resistance
 q - 4 potions of invisibility {unknown}
 r - a potion of magic {unknown}
 s - 2 potions of might
 w - 3 potions of ambrosia {unknown}
 z - a potion of heal wounds {unknown}
 A - 2 potions of attraction {unknown}
 B - a potion of cancellation {unknown}
 C - a potion of haste {unknown}
 N - a potion of mutation {unknown}


   Skills:
 + Level 7.3 Fighting
 + Level 11.3 Dodging
 - Level 1.5 Stealth
 * Level 11.3 Spellcasting


You had 7 spell levels left.
You knew the following spells:

 Your Spells              Type           Power      Damage    Failure   Level
a - Foxfire               Conj/Fire      100%       2x1d9     1%          1
b - Scorch                Fire           100%       2d10      1%          2
c - Conjure Flame         Conj/Fire      60%        6-21      1%          3
d - Inner Flame           Hex/Fire       60%        N/A       1%          3
e - Flame Wave            Conj/Fire      60%        2d10      1%          4
f - Beastly Appendage     Tmut           100%       N/A       1%          1
g - Blink                 Tloc           100%       N/A       1%          2
h - Gell's Gravitas       Tloc           60%        N/A       1%          3
i - Spider Form           Tmut/Pois      60%        N/A       1%          3
j - Animate Dead          Necr           30%        N/A       1%          4
Your spell library was empty.

Dungeon Overview and Level Annotations

Branches:
Dungeon (11/15)            Temple (1/1) D:5            Lair (0/6) D:10
  Sewer (visited)
    Orc: D:9-12

Altars:
Ashenzari
Cheibriados
Dithmenos
Elyvilon
Fedhas
Gozag
Hepliaklqana
Kikubaaqudgha
Makhleb
Nemelex Xobeh
Okawaru
Qazlal
Ru
Sif Muna
Trog
Uskayaw
Vehumet
Wu Jian
Xom
Yredelemnul
Zin
The Shining One
Beogh

Shops:
D:7 [   D:8 [

Annotations:
D:6 exclusion: oklob plant
D:11 exclusion: oklob plant


Innate Abilities, Weirdness & Mutations

You are immune to sickness and miasma.
You are immune to poison.
Your flesh is very heat resistant. (rF++)
You are vulnerable to cold. (rC-)
You float through the air rather than walking.
You learn spells naturally, not from books.
Your magical power is your life essence.
You have superior vitality. (+4 MHP)


Message History

You start resting.
Your foxfire dissipates!
Casting: Foxfire (safe; 1% risk of failure)
Confirm with . or Enter, or press ? or * to list all spells.
You conjure some foxfire!
The foxfire hits the boulder beetle but does no damage.
The foxfire hits the boulder beetle but does no damage.
Casting: Foxfire (safe; 1% risk of failure)
Confirm with . or Enter, or press ? or * to list all spells.
You conjure some foxfire!
Casting: Foxfire (safe; 1% risk of failure)
Confirm with . or Enter, or press ? or * to list all spells.
Flames lash the boulder beetle.
Flame seeps out of the boulder beetle.
The boulder beetle is lightly wounded.
The boulder beetle's fire resistance burns away.
The foxfire hits the boulder beetle.
Flame seeps out of the boulder beetle.
The boulder beetle is lightly wounded.
The foxfire hits the boulder beetle but does no damage.
The boulder beetle is lightly wounded.
The boulder beetle curls into a ball and begins rolling!
Casting: Scorch (safe; 1% risk of failure)
Confirm with . or Enter, or press ? or * to list all spells.
Flames lash the boulder beetle.
Flame seeps out of the boulder beetle.
The boulder beetle is lightly wounded.
The boulder beetle is engulfed in blazing flames.
Flame seeps out of the boulder beetle.
Casting: Scorch (safe; 1% risk of failure)
Confirm with . or Enter, or press ? or * to list all spells.
Flames lash the boulder beetle but do no damage.
Unknown command.
The boulder beetle's inner flame fades away.
The boulder beetle hits you!!!
Ouch! That really hurt!
The boulder beetle stops rolling and uncurls.
The boulder beetle curls into a ball and begins rolling!
Casting: Scorch (safe; 1% risk of failure)
Confirm with . or Enter, or press ? or * to list all spells.
Flames lash the boulder beetle but do no damage.
The boulder beetle hits you!!!
You die...

#.#.#......#
#..........#
#####.#.####.#
#.....#.#
#.#####.#######. #.#
#........... #.#
#.#.############
##.###.#.............
##.#.@B○....##########
##.###.#.###.# #.##
##[.# #.# ##.###.#.#
#.# ##.#.##.###.##
##.###.##...###
######.###........#
#..........##...#.#
#.####.###.###.##.#


You could see a boulder beetle (rolling, combustible).

Vanquished Creatures
  Snorg (D:11)
  Harold (D:7)
  A cyclops (D:7)
  An elephant (D:10)
  Maurice (D:11)
  Maggie (D:10)
  A gargoyle (D:11)
  3 komodo dragons (D:11)
  A troll (D:11)
  2 vampires
  2 shadows (D:10)
  2 wraiths (D:10)
  2 basilisks (D:10)
  3 wyverns
  A steam dragon (D:7)
  17 yaks
  A floating eye (D:11)
  2 sky beasts
  4 orc warriors
  An ice beast (D:5)
  The ghost of Pin the Shield-Bearer, an amateur MiFi of Gozag (D:3)
  2 necrophages
  An ogre (D:4)
  6 centaurs
  4 kobold brigands
  2 bullfrogs (D:6)
  6 scorpions
  A wyvern zombie (D:6)
  2 gnoll sergeants (D:7)
  A water moccasin zombie (D:5)
  10 wights
  A bullfrog zombie (D:5)
  7 hounds
  5 centaur zombies
  6 jellies (D:6)
  4 centaur skeletons (D:7)
  2 orc priests (D:11)
  3 gnoll shamans
  Crazy Yiuf (D:6)
  2 iguanas
  4 orc wizards
  29 gnolls
  14 adders
  A shadow imp (D:7)
  An ufetubus (D:6)
  An adder skeleton (D:5)
  An adder zombie (D:5)
  3 worms
  A dart slug (D:3)
  32 orcs
  10 ball pythons
  25 endoplasms
  5 giant cockroaches
  7 goblins
  6 hobgoblins
  17 jackals
  8 quokkas
  4 bats
  A frilled lizard (D:2)
  23 kobolds
  8 rats
316 creatures vanquished.

Vanquished Creatures (others)
  683 foxfires
  8 fungi (D:6)
  6 plants
697 creatures vanquished.

Grand Total: 1013 creatures vanquished

Notes
Turn   | Place    | Note
-------+----------+-------------------------------------------
     0 | D:1      | siradein the Djinni Fire Elementalist began the quest for
                  | the Orb.
     0 | D:1      | Reached XP level 1. HP: 15/15 MP: 0/0
   383 | D:1      | Reached XP level 2. HP: 19/21 MP: 0/0
   844 | D:1      | Reached XP level 3. HP: 25/25 MP: 0/0
   844 | D:1      | Learned a level 1 spell: Beastly Appendage
  1352 | D:2      | Reached XP level 4. HP: 26/31 MP: 0/0
  2520 | D:3      | Reached XP level 5. HP: 34/35 MP: 0/0
  2520 | D:3      | Learned a level 2 spell: Blink
  2676 | D:3      | Found a glowing drain.
  2689 | Sewer    | Entered a sewer
  2851 | Sewer    | Noticed a kobold brigand
  2883 | Sewer    | Killed a kobold brigand
  2884 | Sewer    | Reached XP level 6. HP: 24/40 MP: 0/0
  3716 | D:3      | Found a runed translucent gate.
  3716 | D:3      | Found a runed translucent gate.
  3717 | D:3      | Found a runed translucent gate.
  3717 | D:3      | Noticed Pin's ghost (amateur MiFi)
  4129 | D:3      | Noticed a sky beast
  4139 | D:3      | Killed a sky beast
  4140 | D:3      | Reached XP level 7. HP: 32/45 MP: 0/0
  4140 | D:3      | Learned a level 3 spell: Gell's Gravitas
  4393 | D:3      | Reached skill level 5 in Spellcasting
  4510 | D:3      | Killed Pin's ghost
  4511 | D:3      | Reached skill level 5 in Dodging
  5562 | D:4      | Reached XP level 8. HP: 43/50 MP: 0/0
  5971 | D:5      | Entered Level 5 of the Dungeon
  6196 | D:5      | Found a snail-covered altar of Cheibriados.
  6500 | D:5      | Reached XP level 9. HP: 55/55 MP: 0/0
  6500 | D:5      | Learned a level 3 spell: Spider Form
  6544 | D:5      | Found a staircase to the Ecumenical Temple.
  7185 | D:6      | Found a runed translucent door.
  7186 | D:6      | Noticed Crazy Yiuf
  7248 | D:6      | Noticed an oklob plant
  7522 | D:6      | Reached skill level 1 in Fighting
  7749 | D:6      | Killed Crazy Yiuf
  7904 | D:7      | Reached XP level 10. HP: 53/64 MP: 0/0
  8081 | D:7      | Noticed Harold
  8170 | Temple   | Entered the Ecumenical Temple
  8238 | Temple   | Became a worshipper of Makhleb the Destroyer
  8456 | D:7      | Noticed a cyclops
  8463 | D:7      | Killed a cyclops
  8579 | D:7      | Found Wecut's Antique Armour Shop.
  8602 | D:7      | Bought a fine cloak for 323 gold pieces
  8602 | D:7      | Identified the +0 cloak of Masuihol {Int+2 Stlth+} (You
                  | bought it in a shop on level 7 of the Dungeon)
  8862 | D:7      | Killed Harold
  8862 | D:7      | Reached * piety under Makhleb
  9004 | D:7      | You are sucked into a shaft and drop 1 floor!
  9315 | D:8      | Found Woag's Armour Shop.
  9722 | D:8      | Reached XP level 11. HP: 74/74 MP: 0/0
  9722 | D:8      | Learned a level 4 spell: Animate Dead
  9853 | D:9      | Identified the +8 chain mail "Foju Segoa" {rN+}
 10104 | D:9      | Reached ** piety under Makhleb
 10105 | D:9      | Reached skill level 5 in Fighting
 10364 | D:9      | Identified the ring of Peublig {rC+ Will- MP+9 Int+3 Dex+3}
 10454 | D:9      | Reached skill level 10 in Dodging
 10454 | D:9      | Reached skill level 10 in Spellcasting
 10912 | D:10     | Entered Level 10 of the Dungeon
 11103 | D:10     | Found a staircase to the Lair.
 11104 | D:10     | Noticed an elephant
 11128 | D:10     | Killed an elephant
 11444 | D:10     | Noticed Maggie
 11452 | D:10     | Killed Maggie
 11472 | D:10     | Found a glowing silver altar of Zin.
 11472 | D:10     | Noticed an angel
 11710 | D:10     | Reached *** piety under Makhleb
 11941 | D:11     | Noticed Snorg
 11962 | D:11     | Killed Snorg
 11963 | D:11     | Reached XP level 12. HP: 43/84 MP: 0/0
 12275 | D:11     | Noticed Maurice
 12290 | D:11     | Killed Maurice
 12498 | D:11     | Noticed a boulder beetle
 12530 | D:11     | Slain by a boulder beetle

Illustrated notes

Levels and vault maps discovered:
D:1:      grunt_arrival_lava_bath, layout_rooms, chequers_decorated_corner
D:2:      layout_basic, minmay_indecisive_spiral
D:3:      layout_rooms, gup_sewer_entry_bubbles, biasface_ghost_orc_armoury,
          roderic_filled_cross
D:4:      layout_basic, guppyfry_early_lair_pool
D:5:      layout_cave_pools, cheibrodos_worm_habitat,
          minmay_temple_entry_stoned_glass
D:6:      lemuel_slime, layout_basic, uniq_crazy_yiuf_cottage
D:7:      layout_cave_pools, serial_gnoll_camp, gnoll_camp_mini_shop,
          gnoll_camp_mini_doghouse, gnoll_camp_mini_doghouse,
          gnoll_camp_mini_loothouse, gnoll_camp_medium_01, uniq_harold
D:8:      layout_rooms, serial_shops, nicolae_stop_n_shop_2,
          minmay_misc_feat_rugged, chequers_serial_rivers_marsh
D:9:      layout_roguey
D:10:     layout_roguey, zin_angel, mainiacjoe_overflow_cross_hatched,
          david_lair_generic, uniq_maggie
D:11:     layout_loops_ring, erik_orc_1, disabler_island, uniq_maurice,
          uniq_snorg
Temple:   mainiacjoe_temple_bowtie_tessellation

Skill      XL: |  1  2  3  4  5  6  7  8  9 10 11 12 |
---------------+-------------------------------------+-----
Spellcasting   | 3 4 5 7 8 9 11 | 11.3
Dodging        | 3 4 5 6 8 9 11 | 11.3
Fighting       | 2 4 6 7 |  7.3
Stealth        | |  1.5

Action                   |  1- 3 |  4- 6 |  7- 9 | 10-12 || total
-------------------------+-------+-------+-------+-------++-------
Melee: Unarmed           |       |       |       |    57 ||    57
 Cast: Foxfire           |    48 |   105 |    95 |   174 ||   422
       Inner Flame       |       |    23 |    75 |    94 ||   192
       Conjure Flame     |       |       |     2 |    20 ||    22
       Flame Wave        |       |       |     2 |     2 ||     4
       Scorch            |       |       |       |    16 ||    16
       Spider Form       |       |       |       |     2 ||     2
  Use: Scroll            |       |     1 |       |     9 ||    10
Armor: Robe              |     9 |    10 |    12 |       ||    31
       Steam dragon scal |       |       |       |    37 ||    37
       Skin              |       |       |       |     7 ||     7
       Troll leather arm |       |       |       |     8 ||     8
Dodge: Dodged            |    14 |    28 |    33 |   195 ||   270
Block: Other             |       |       |     1 |       ||     1

Table legend: (Time is in decaauts)
 A = Elapsed time spent in this place.
 B = Non-inter-level travel time spent in this place.
 C = Inter-level travel time spent in this place.
 D = Time resting spent in this place.
 E = Time spent auto-exploring this place.
 F = Levels seen in this place.
 G = Mean time per level.
                   A        B        C        D        E       F      G
               +--------+--------+--------+--------+--------+-----+--------+
         Total |  12528 |  12076 |    452 |   1079 |   8573 |  13 |  963.7 |
       Dungeon |  11422 |  11001 |    421 |   1079 |   7660 |  11 | 1038.4 |
        Temple |    236 |    205 |     31 |      0 |    191 |   1 |  236.0 |
         Sewer |    869 |    869 |      0 |      0 |    722 |   1 |  869.0 |
               +--------+--------+--------+--------+--------+-----+--------+

Top non-repeatable levels by time:
     D:4: 1436 daAuts
     D:2: 1367 daAuts
     D:3: 1320 daAuts
     D:6: 1227 daAuts
     D:1: 1074 daAuts
     D:9: 1057 daAuts
    D:10: 963 daAuts
   Sewer: 869 daAuts
     D:7: 865 daAuts
     D:8: 803 daAuts
    D:11: 654 daAuts
     D:5: 650 daAuts
  Temple: 236 daAuts
